 Dungeon Crawl Stone Soup version 0.23-a0-461-gff60f6859b (webtiles) character file.

7670 LLavrengius the Fighter (level 10, -1/93 HPs)
             Began as a White Draconian Wizard on Nov 25, 2018.
             Was an Elder of Sif Muna.
             Slain by a troll (5 damage)
             ... led by an orc knight
             ... on level 10 of the Dungeon on Nov 26, 2018.
             The game lasted 01:24:18 (15162 turns).

LLavrengius the Fighter (White Draconian Wizard)   Turns: 15162, Time: 01:24:18

Health: -1/93      AC: 11    Str: 11    XL:     10   Next: 99%
Magic:  0/17       EV: 12    Int: 24    God:    Sif Muna [****..]
Gold:   247        SH:  0    Dex: 13    Spells: 0/19 levels left

rFire    . . .     SeeInvis .   M - +4 glaive of Nightmares {freeze, Int+3}
rCold    + . .     Gourm    .   (shield currently unavailable)
rNeg     . . .     Faith    .   (armour unavailable)
rPois    .         Spirit   .   a - +0 hat
rElec    .         Reflect  .   I - +0 cloak
rCorr    .         Harm     .   D - +0 pair of gloves (curse)
MR       .....                  n - +1 pair of boots {Stlth+}
Stlth    +++.......             (no amulet)
HPRegen  0.25/turn              F - +4 ring of dexterity
MPRegen  0.15/turn              (no ring)

@: no casting
A: breathe frost, unfitting armour, cold resistance 1, cold-blooded, AC +7
a: Breathe Frost, Stop Divine Energy, Channel Magic, Forget Spell, Renounce
Religion


You were on level 10 of the Dungeon.
You worshipped Sif Muna.
Sif Muna was greatly pleased with you.
You were not hungry.

You visited 4 branches of the dungeon, and saw 14 of its levels.
You also visited: Sewer.

You collected 582 gold pieces.
You spent 335 gold pieces at shops.

Inventory:

Hand Weapons
 p - a +0 hunting sling
 r - a +3 dagger of protection
 C - a +0 short sword of venom
 M - the +4 glaive of Nightmares (weapon) {freeze, Int+3}
   (You bought it in a shop on level 5 of the Dungeon)

   It has been specially enchanted to freeze those struck by it, causing extra
   injury to most foes and up to half again as much damage against particularly
   susceptible opponents.
   It can also slow down cold-blooded creatures.
   It affects your intelligence (+3).
 R - a +0 hunting sling
Missiles
 m - 437 stones (quivered)
 o - 89 sling bullets
Armour
 a - a +0 hat (worn)
 n - a +1 pair of boots of stealth (worn)
 D - a cursed +0 pair of gloves (worn)
 I - a +0 cloak (worn)
 O - a +0 buckler
Magical Staves
 N - an uncursed staff of summoning
Jewellery
 F - a +4 ring of dexterity (left hand)
 S - an uncursed ring of ice
Wands
 s - a wand of polymorph (7)
 x - a wand of acid (5)
 y - a wand of disintegration (7)
 B - a wand of flame (36)
 H - a wand of enslavement (19)
 Q - a wand of digging (4)
Scrolls
 e - 4 scrolls of magic mapping {unknown}
 j - 5 scrolls of teleportation
 l - 8 scrolls of identify
 q - 2 scrolls of remove curse
 t - a scroll of blinking {unknown}
 u - 5 scrolls of fog {unknown}
 z - 2 scrolls of enchant armour {unknown}
 A - 3 scrolls of noise {unknown}
 J - 3 scrolls of amnesia
 K - a scroll of random uselessness {unknown}
 T - a scroll of summoning {unknown}
Potions
 d - 8 potions of curing
 f - 4 potions of might
 g - 2 potions of invisibility
 h - a potion of resistance
 i - 3 potions of cancellation
 k - 3 potions of magic
 v - a potion of haste
 w - 2 potions of brilliance
 E - a potion of mutation {unknown}
 G - a potion of berserk rage
 L - a potion of agility
Comestibles
 c - 18 rations


   Skills:
 + Level 10.1 Fighting
 + Level 6.6 Polearms
 - Level 2.0 Dodging
 - Level 2.1 Stealth
 - Level 5.0 Spellcasting
 - Level 1.0 Conjurations
 + Level 9.2 Summonings
 - Level 2.0 Translocations
 - Level 5.0 Ice Magic
 - Level 5.0 Air Magic


You couldn't memorise any spells.
You knew the following spells:

 Your Spells              Type           Power        Failure   Level  Hunger
a - Magic Dart            Conj           ##..         6%          1    None
b - Call Imp              Summ           ######..     1%          2    None
c - Blink                 Tloc           N/A          6%          2    None
d - Mephitic Cloud        Conj/Pois/Air  ###.....     12%         3    ##.....
e - Call Canine Familiar  Summ           ######..     1%          3    ##.....
f - Summon Ice Beast      Ice/Summ       #####...     4%          4    ####...
g - Summon Lightning Spi  Summ/Air       #####...     4%          4    ####...

Your spell library contained the following spells:

 Spells                   Type           Power        Failure   Level  Hunger
 Summon Small Mammal      Summ           ####         1%          1    None
 Summon Guardian Golem    Hex/Summ       ####....     4%          3    ##.....
 Animate Skeleton         Necr           N/A          9%          1    None
 Pain                     Necr           #...         9%          1    None
 Slow                     Hex            #.......     13%         2    None
 Conjure Flame            Conj/Fire      #.......     22%         3    ##.....
 Regeneration             Chrm/Necr      #.........   26%         3    ##.....
 Vampiric Draining        Necr           #.........   26%         3    ##.....
 Animate Dead             Necr           N/A          65%         4    ####...


Dungeon Overview and Level Annotations

Branches:
Dungeon (11/15)            Temple (1/1) D:5            Lair (1/6) D:10
    Orc (1/2) D:10

Altars:
Ashenzari
Cheibriados
Dithmenos
Elyvilon
Fedhas
Gozag
Hepliaklqana
Kikubaaqudgha
Makhleb
Nemelex Xobeh
Okawaru
Qazlal
Ru
Sif Muna
Trog
Uskayaw
Vehumet
Wu Jian
Xom
Yredelemnul
Zin
The Shining One

Shops:
D:5 (   D:6 !*[   D:8 [

Annotations:
D:4 2 transporters


Innate Abilities, Weirdness & Mutations

You can breathe waves of freezing cold.
You can buffet flying creatures when you breathe cold.
Your icy white scales are hard. (AC +7)
You cannot fit into any form of body armour.
Your flesh is cold resistant. (rC+)
You are cold-blooded and may be slowed by cold attacks.


Message History

Your lightning spire shoots out a bolt of lightning at the troll!
The bolt of electricity hits the troll.
You closely miss the troll.
The troll is almost dead.
Your lightning spire disappears in a puff of smoke!
The troll bites you. The troll claws you. x2
* * * LOW HITPOINT WARNING * * *
The troll bites you!
* * * LOW HITPOINT WARNING * * *
The troll barely misses you. x2
Casting: Summon Lightning Spire (safe; 4% risk of failure)
Confirm with . or Enter, or press ? or * to list all spells.
Aiming: Summon Lightning Spire (safe; 4% risk of failure)
Press: ? - help, Dir - move target cursor An electric hum fills the air.
Sif Muna grants you divine energy.
You briefly lose access to your magic!
The troll bites you!
* * * LOW HITPOINT WARNING * * *
The troll claws you.
You die...

#....#........#..# #.≈≈≈≈≈≈
#....#........#..# #.≈≈≈≈≈≈
#....#........#..# #.≈≈≈≈≈≈
#....#..>.....#..# #.≈≈≈≈≈≈
#....#........#..#####..≈≈≈≈.
#....#........#..........≈≈≈≈
#....#........#..........≈≈.≈
#....#.......##............≈≈
##...#......@#............≈≈≈
#...'....8..T...........≈.≈≈
#...'.......#...........≈.≈≈
#...##......#....).....≈≈..≈
#....+......#...............
#....#......#...............
#....########.........#.....
#.....................+.....
#..........#######....#.....


You could see a troll and a friendly lightning spire.

Vanquished Creatures
  Pikel (D:7)
  Joseph (D:8)
  A centaur zombie (D:11)
  A black mamba (Lair:1)
  Sigmund (D:5)
  A hippogriff (D:9)
  Eustachio (D:6)
  A water moccasin (D:10)
  A porcupine (Lair:1)
  2 orc warriors
  2 ice beasts (D:6)
  2 sky beasts
  2 necrophages (D:7)
  2 wolves (D:8)
  5 centaurs
  A crocodile (D:10)
  5 bullfrogs
  A wyvern skeleton (D:9)
  A water moccasin skeleton (D:7)
  6 scorpions
  Dowan (D:5)
  5 killer bees
  2 electric eels (D:10)
  A crimson imp (D:10)
  6 jellies
  4 hounds
  2 centaur skeletons
  2 orc wizards
  4 worker ants
  A hound skeleton (D:8)
  2 worker ant zombies
  3 gnolls
  4 adders
  2 river rats
  2 shadow imps
  8 oozes
  3 adder skeletons
  A worm (D:2)
  3 dart slugs
  3 leopard geckos
  20 orcs
  6 bats
  2 bat zombies (D:4)
  7 giant cockroaches
  9 hobgoblins
  2 jackals (D:2)
  4 kobolds
  A quokka (D:4)
  3 ball pythons
  A ball python skeleton (D:4)
  8 frilled lizards
  9 goblins
  A leopard gecko zombie (D:5)
  A quokka skeleton (D:5)
  10 rats
  2 rat zombies (D:4)
  2 fungi (D:10)
  A plant (Lair:1)
186 creatures vanquished.

Vanquished Creatures (collateral kills)
  A two-headed ogre (D:10)
  An oklob plant (Lair:1)
  A hornet (D:9)
  2 trolls (D:10)
  2 hippogriffs (Lair:1)
  A vampire (D:10)
  4 yaks (D:10)
  Grum (D:8)
  Edmund (D:4)
  Duvessa (D:4)
  2 orc warriors
  2 sky beasts
  An ice beast (D:5)
  A black bear (D:8)
  A wolf (D:10)
  3 ogres
  2 bullfrogs
  4 scorpions
  4 killer bees
  A crimson imp (D:5)
  A gnoll shaman (Orc:1)
  Crazy Yiuf (D:5)
  4 hounds (D:10)
  Ijyb (D:4)
  An iguana (D:6)
  5 orc wizards
  2 worker ants
  4 gnolls
  5 adders
  An ooze (D:5)
  2 worms
  A dart slug (D:2)
  9 orcs
  2 giant cockroaches
  2 goblins (D:2)
  2 hobgoblins
  2 jackals (D:10)
  2 ball pythons (Sewer)
  2 bats (D:10)
  A kobold (D:2)
86 creatures vanquished.

Vanquished Creatures (others)
  2 sky beasts (D:7)
  An ogre (D:7)
  A crimson imp (D:7)
  A hound skeleton (D:7)
  A fungus (D:10)
6 creatures vanquished.

Grand Total: 278 creatures vanquished

Notes
Turn   | Place    | Note
-------+----------+-------------------------------------------
     0 | D:1      | LLavrengius the Draconian Wizard began the quest for the
                  | Orb.
     0 | D:1      | Reached XP level 1. HP: 14/14 MP: 4/4
   265 | D:1      | Reached skill level 1 in Fighting
   265 | D:1      | Reached XP level 2. HP: 20/23 MP: 6/6
   271 | D:1      | Learned a level 2 spell: Call Imp
   274 | D:1      | Learned a level 2 spell: Blink
  1817 | D:2      | Reached XP level 3. HP: 28/29 MP: 7/7
  1964 | D:2      | Reached skill level 2 in Fighting
  2490 | D:2      | Reached XP level 4. HP: 22/37 MP: 8/8
  2715 | D:2      | Learned a level 3 spell: Mephitic Cloud
  3103 | D:3      | Reached skill level 3 in Fighting
  4407 | D:4      | Reached XP level 5. HP: 30/45 MP: 1/9
  4743 | D:4      | Found a transporter.
  4746 | D:4      | Found a transporter.
  4787 | D:4      | Noticed an ogre
  4822 | D:4      | Killed an ogre
  4822 | D:4      | Reached skill level 4 in Fighting
  5042 | D:4      | Reached XP level 6. HP: 51/53 MP: 10/10
  5064 | D:4      | Found a glowing drain.
  5068 | Sewer    | Entered a sewer
  5751 | D:4      | Found an ancient bone altar of Kikubaaqudgha.
  5821 | D:5      | Entered Level 5 of the Dungeon
  5823 | D:5      | Noticed Dowan
  5839 | D:5      | Noticed Duvessa
  5903 | D:5      | Noticed Ijyb
  5922 | D:4      | Killed Ijyb
  6033 | D:4      | Learned a level 3 spell: Call Canine Familiar
  6054 | D:5      | Reached skill level 5 in Fighting
  6354 | D:5      | Killed Dowan
  6473 | D:5      | Found a staircase to the Ecumenical Temple.
  6478 | Temple   | Entered the Ecumenical Temple
  6634 | Temple   | Became a worshipper of Sif Muna the Loreminder
  7018 | D:5      | Your scales start taking on an icy white colour.
  7018 | D:5      | Reached XP level 7. HP: 51/61 MP: 3/12
  7018 | D:5      | Gained mutation: Your flesh is cold resistant. (rC+) [White
                  | Draconian growth]
  7120 | D:5      | Found Geudghiyf's Antique Weapon Shoppe.
  7419 | D:5      | You fall through a shaft!
  7422 | D:6      | Found Lowiugir's Armour Emporium.
  7436 | D:6      | Reached skill level 5 in Summonings
  7767 | D:5      | Noticed Edmund
  8066 | D:4      | Killed Duvessa
  8207 | D:4      | Killed Edmund
  8207 | D:4      | Reached skill level 6 in Fighting
  8460 | D:5      | Noticed Sigmund
  8476 | D:5      | Killed Sigmund
  8476 | D:5      | Reached * piety under Sif Muna
  8476 | D:5      | Reached XP level 8. HP: 71/71 MP: 4/14
  8568 | D:5      | Found a runed door.
  8577 | D:5      | Noticed Crazy Yiuf
  8587 | D:5      | Killed Crazy Yiuf
  8912 | D:6      | Noticed Eustachio
  8924 | D:6      | Killed Eustachio
  9007 | D:5      | Bought a fine glaive for 287 gold pieces
  9007 | D:5      | Identified the +4 glaive of Nightmares {freeze, Int+3} (You
                  | bought it in a shop on level 5 of the Dungeon)
  9013 | D:5      | Learned a level 4 spell: Summon Ice Beast
  9106 | D:6      | Reached skill level 7 in Fighting
  9106 | D:6      | Reached skill level 5 in Spellcasting
  9106 | D:6      | Reached skill level 1 in Ice Magic
  9151 | D:6      | Reached skill level 1 in Polearms
  9157 | D:6      | Found Holut's Assorted Antiques.
  9329 | D:6      | Found Tuahamue's Distillery.
  9332 | D:6      | Bought a potion of agility for 48 gold pieces
  9463 | D:7      | Noticed Pikel
  9479 | D:7      | Killed Pikel
  9548 | D:7      | Reached XP level 9. HP: 80/80 MP: 16/16
  9910 | D:7      | Reached ** piety under Sif Muna
 10386 | D:8      | Noticed Joseph
 10671 | D:8      | Reached skill level 8 in Fighting
 11002 | D:8      | Noticed Grum
 11010 | D:8      | Killed Grum
 11017 | D:8      | Found Iliufaud's Armour Shop.
 11028 | D:8      | Reached skill level 1 in Air Magic
 11139 | D:8      | Killed Joseph
 11328 | D:9      | Reached skill level 5 in Ice Magic
 11695 | D:9      | Found a shimmering altar of Xom.
 11695 | D:9      | Found a shimmering altar of Xom.
 11695 | D:9      | Found a shimmering altar of Xom.
 11695 | D:9      | Found a shimmering altar of Xom.
 11696 | D:9      | Found a shimmering altar of Xom.
 11925 | D:9      | Reached XP level 10. HP: 83/90 MP: 17/17
 11931 | D:9      | Learned a level 4 spell: Summon Lightning Spire
 11943 | D:9      | Reached *** piety under Sif Muna
 12064 | D:9      | Reached skill level 9 in Fighting
 12203 | D:8      | Reached skill level 5 in Polearms
 12788 | D:10     | Entered Level 10 of the Dungeon
 13200 | D:10     | Noticed a two-headed ogre
 13219 | D:10     | Killed a two-headed ogre
 13459 | D:10     | Found a staircase to the Lair.
 13682 | D:10     | Found a staircase to the Orcish Mines.
 14348 | Lair:1   | Entered Level 1 of the Lair of Beasts
 14348 | Lair:1   | Noticed a black mamba
 14360 | Lair:1   | Killed a black mamba
 14448 | Lair:1   | Noticed an oklob plant
 14457 | Lair:1   | Killed an oklob plant
 14457 | Lair:1   | Reached skill level 5 in Air Magic
 14545 | Lair:1   | Noticed an eight-headed hydra
 14553 | Lair:1   | Reached **** piety under Sif Muna
 14603 | D:10     | Reached skill level 10 in Fighting
 14866 | D:10     | Upgraded the game from 0.23-a0-456-gc514d67198 to
                  | 0.23-a0-461-gff60f6859b
 15096 | Orc:1    | Entered Level 1 of the Orcish Mines
 15101 | Orc:1    | Noticed an orc knight
 15162 | D:10     | HP: 4/93 [troll[an orc knight] (12)]
 15162 | D:10     | Slain by a troll

Vault maps used:
D:1:      dpeg_arrival_pits, chequers_serial_rivers_room_a
D:3:      first_ration, serial_bayou_crossing
D:4:      gammafunk_steamed_eel, lemuel_zombie_altar_kikubaaqudgha,
          gup_sewer_entry_spiral
D:5:      temple_doors_e, serial_shops, kennysheep_mini, uniq_edmund,
          uniq_duvessa, uniq_crazy_yiuf_cottage, uniq_ijyb, uniq_sigmund
D:6:      serial_shops, nicolae_shop_behind_doors, kennysheep_mini_moat, shop,
          uniq_eustachio
D:7:      uniq_pikel
D:8:      serial_shops, shop, uniq_grum, uniq_joseph
D:9:      xom_shifter_show, hangedman_little_slice_of_home, minivault_24
D:10:     old_forge, erik_lair_island
D:11:     serial_curves, eino_curves_03, eino_curves_02, minivault_28
Temple:   regret_index_temple_chain_breaker
Lair:1:   minmay_hedge_maze, st_stairs_10, grunt_megastairs_5,
          minmay_lair_oklob_chamber, lemuel_fruit_tree
Orc:1:    serial_shops, nicolae_shop_waterfront, ebering_ghost_reflecting_pool,
          mines1_david, uniq_urug
Sewer:    sewer_co_cracked_pipes

Skill      XL: |  1  2  3  4  5  6  7  8  9 10 |
---------------+-------------------------------+-----
Stealth        | 2 |  2.1
Dodging        | 2 |  2.0
Fighting       | 1 2 3 4 5 6 7 8 10 | 10.1
Summonings     | 2 3 4 5 6 8 9 |  9.2
Spellcasting   | 4 5 |  5.0
Ice Magic      | 3 5 |  5.0
Polearms       | 2 4 6 |  6.6
Air Magic      | 2 5 |  5.0
Translocations | 2 |  2.0
Conjurations   | |  1.0

Action                   |  1- 3 |  4- 6 |  7- 9 | 10-12 || total
-------------------------+-------+-------+-------+-------++-------
Melee: Unarmed           |    85 |       |       |       ||    85
       Tailslap          |    22 |    21 |    11 |    12 ||    66
       Dagger            |   170 |   236 |   122 |       ||   528
       Glaive            |       |       |   124 |   139 ||   263
       Short sword       |       |       |     1 |       ||     1
 Cast: Magic Dart        |    12 |       |     7 |     9 ||    28
       Call Imp          |    10 |    55 |    41 |       ||   106
       Call Canine Famil |       |     3 |    12 |     4 ||    19
       Blink             |       |     2 |       |     1 ||     3
       Mephitic Cloud    |       |     1 |     4 |     3 ||     8
       Summon Ice Beast  |       |       |     6 |    17 ||    23
       Summon Lightning  |       |       |       |    26 ||    26
Invok: Divine Energy     |       |       |     1 |       ||     1
 Abil: Breathe Frost     |       |       |    12 |     6 ||    18
Evoke: Wand              |       |       |       |     3 ||     3
  Use: Potion            |     1 |     1 |     1 |     2 ||     5
       Scroll            |       |     6 |     8 |       ||    14
 Stab: Distracted        |     1 |     1 |     1 |     1 ||     4
       Sleeping          |       |    19 |    11 |     8 ||    38
       Confused          |       |       |       |     2 ||     2
  Eat: Chunk             |     6 |    17 |    14 |    11 ||    48
       Ration            |       |       |     2 |     2 ||     4
Armor: Skin              |    74 |    81 |   119 |    90 ||   364
Dodge: Dodged            |   195 |   160 |   169 |   132 ||   656

Table legend:
 A = Non-vault XP
 B = Vault XP
 C = Vault XP percentage of total XP
 D = Non-vault monster count
 E = Vault monster count
 F = Vault count percentage of total count
                 A         B        C        D         E       F
            +---------+---------+-------+---------+---------+-------
      Total |    7991 |    2967 |  27.1 |     204 |      65 |  24.2
            +---------+---------+-------+---------+---------+-------
        D:1 |      33 |       0 |   0.0 |      18 |       0 |   0.0
        D:2 |      98 |       0 |   0.0 |      25 |       0 |   0.0
        D:3 |      50 |       0 |   0.0 |      18 |       0 |   0.0
        D:4 |     251 |     263 |  51.2 |      15 |      14 |  48.3
        D:5 |     377 |     259 |  40.7 |      17 |       3 |  15.0
        D:6 |     707 |     153 |  17.8 |      13 |       1 |   7.1
        D:7 |     701 |     489 |  41.1 |      14 |       1 |   6.7
        D:8 |     687 |     568 |  45.3 |      18 |       4 |  18.2
        D:9 |    1625 |     146 |   8.2 |      25 |       8 |  24.2
       D:10 |    2268 |     521 |  18.7 |      27 |      16 |  37.2
       D:11 |     454 |       0 |   0.0 |       1 |       0 |   0.0
     Lair:1 |     508 |     518 |  50.5 |       2 |       3 |  60.0
      Orc:1 |     232 |       0 |   0.0 |      11 |       0 |   0.0
      Sewer |       0 |      50 | 100.0 |       0 |      15 | 100.0
            +---------+---------+-------+---------+---------+-------
